 Dungeon Crawl Stone Soup version 0.27-a0-1078-g0d77da1 (webtiles) character file.

Game seed: 18362883064943785606

5691 GeorgeSoros the Cruncher (level 10, -3/88 HPs)
             Began as a Grey Draconian Air Elementalist on Apr 24, 2021.
             Was a Believer of Qazlal.
             Slain by a death yak (17 damage)
             ... on level 10 of the Dungeon.
             The game lasted 00:27:49 (10542 turns).

GeorgeSoros the Cruncher (DrAE)                    Turns: 10542, Time: 00:27:50

Health: -3/88      AC: 17    Str: 10    XL:     10   Next: 47%
Magic:  8/13       EV: 12    Int: 20    God:    Qazlal [**....]
Gold:   249        SH:  3    Dex: 11    Spells: 9/13 levels left

rFire    . . .     SeeInvis .   i - +1 lajatang (vorpal)
rCold    + . .     Faith    .   (shield currently unavailable)
rNeg     . . .     Spirit   .   (armour unavailable)
rPois    .         Reflect  .   r - +2 hat
rElec    .         Harm     .   e - +0 cloak
rCorr    .         Rampage  .   p - +0 pair of gloves
Will     .....                  k - +0 pair of boots
Stlth    +.........             (no amulet)
HPRegen  0.24/turn              g - ring of protection from cold
MPRegen  0.13/turn              (no ring)

@: studying Staves
A: AC +12, unfitting armour, unbreathing 2, cold-blooded
a: Renounce Religion, Upheaval


You were on level 10 of the Dungeon.
You worshipped Qazlal.
Qazlal was pleased with you.
You visited 2 branches of the dungeon, and saw 11 of its levels.

You collected 309 gold pieces.
You spent 60 gold pieces at shops.

Inventory:

Hand Weapons
 d - a +0 dagger
 i - a +1 vorpal lajatang (weapon)
Armour
 e - a +0 cloak (worn)
 k - a +0 pair of boots (worn)
 p - a +0 pair of gloves (worn)
 r - a +2 hat (worn)
Jewellery
 g - a ring of protection from cold (left hand)
 h - a ring of protection from cold
 m - a ring of protection from fire
Wands
 l - a wand of paralysis (13)
 s - a wand of acid (6)
Scrolls
 q - a scroll of amnesia
 t - a scroll of fog
Potions
 a - 2 potions of cancellation
 b - a potion of flight
 c - 2 potions of attraction
 f - 2 potions of curing
 j - a potion of mutation
 o - 4 potions of heal wounds
 u - a potion of brilliance {unknown}


   Skills:
 - Level 7.7 Fighting
 + Level 9.9 Staves
 - Level 2.5 Dodging
 - Level 1.7 Stealth
 - Level 2.0 Spellcasting
 + Level 8.2 Conjurations
 + Level 6.3 Ice Magic
 - Level 4.8 Air Magic
 + Level 3.3 Invocations


You had 9 spell levels left.
You knew the following spells:

 Your Spells              Type           Power      Damage    Failure   Level
a - Shock                 Conj/Air       100%       1d9       1%          1
b - Frozen Ramparts       Ice            54%        1d7       3%          3

Your spell library contained the following spells:

 Spells                   Type           Power      Damage    Failure   Level
 Freeze                   Ice            100%       1d11      1%          1
 Static Discharge         Conj/Air       28%        N/A       1%          2
 Ozocubu's Armour         Ice            27%        N/A       3%          3
 Ensorcelled Hibernation  Hex/Ice        28%        N/A       7%          2
 Swiftness                Air            21%        N/A       7%          3
 Hailstorm                Conj/Ice       31%        3d8       8%          4
 Dazzling Flash           Conj/Hex       36%        N/A       9%          3
 Animate Skeleton         Necr           4%         N/A       16%         1
 Apportation              Tloc           4%         N/A       16%         1
 Corona                   Hex            2%         N/A       16%         1
 Summon Small Mammal      Summ           8%         N/A       16%         1
 Airstrike                Air            10%        N/A       22%         4
 Lightning Bolt           Conj/Air       14%        1d27      30%         5
 Confusing Touch          Hex            2%         N/A       43%         3
 Tukima's Dance           Hex            2%         N/A       43%         3
 Metabolic Englaciation   Hex/Ice        7%         N/A       77%         5


Dungeon Overview and Level Annotations

Branches:
Dungeon (10/15)            Temple (1/1) D:5            Lair (0/6) D:9
    Orc: D:9-12

Altars:
Ashenzari
Cheibriados
Dithmenos
Elyvilon
Gozag
Hepliaklqana
Kikubaaqudgha
Makhleb
Nemelex Xobeh
Okawaru
Qazlal
Ru
Sif Muna
Trog
Uskayaw
Wu Jian
Xom
The Shining One

Shops:
D:8 ?*((:


Innate Abilities, Weirdness & Mutations

Your dull iron-grey scales are very hard. (AC +12)
You cannot fit into any form of body armour.
You can survive without breathing, even under water.
You are cold-blooded and may be slowed by cold attacks.


Message History

You feel yourself slow down.
You feel very sick.
You feel very sick.
The kobold demonologist looks satisfied for a moment.
Okay, then.
You feel sick.
The two-headed ogre hits you with a +0 giant club!!
The two-headed ogre hits you with a +0 giant spiked club.
You feel sick. The two-headed ogre misses you.
The two-headed ogre barely misses you.
As you read the scroll of fear, it crumbles to dust.
You assume a fearsome visage.
The kobold brigand looks frightened!
The death yak easily resists.
The two-headed ogre looks frightened!
You feel sick.
You feel sick.
You are no longer poisoned.
The kobold demonologist looks braver for a moment.
The death yak gores you.
Found an escape hatch in the floor.
The death yak gores you!!
You feel yourself speed up.
The death yak is engulfed in freezing vapours.
Found a stone staircase leading down.
Found a mace and a scroll of amnesia.
The kobold demonologist miscasts a cantrip.
Found a robe.
The death yak is engulfed in blazing flames.
The kobold demonologist begins to cast a cantrip, but forgets the words!
The kobold demonologist casts a cantrip, but nothing happens.
There is an escape hatch in the floor here.
The death yak gores you!!
* * * LOW HITPOINT WARNING * * *
The death yak barely misses you.
The kobold demonologist casts a spell.
You slide downwards.
The hatch slams shut behind you. 3 orcs and an orc warrior come into view.
An orc is wielding a +0 hand axe of electrocution.
The orc warrior shouts!
The orc shouts! x2
You open the door. The death yak closely misses you. The death yak gores you!
You die...

#...## ##...oo
.....o.## #≈
#......# ≈.≈
#......o ≈≈≈≈
#......# ≈≈≈≈≈
#....Y.#..≈≈≈≈
#....Y@'.≈≈≈..
#....§.#......
#......# .....
#......# ...#
#.###### ..# #
.# #


You could see 2 death yaks, an orc warrior and 3 orcs.

Vanquished Creatures
  2 two-headed ogres
  3 centaur zombies
  Maggie (D:6)
  A shadow (D:9)
  5 yaks
  A steam dragon (D:6)
  A water moccasin (D:6)
  An ice beast (D:6)
  3 necrophages
  5 ogres
  2 centaurs
  3 phantoms (D:5)
  2 bullfrogs
  A scorpion (D:5)
  A wyvern skeleton (D:7)
  8 wights
  A jelly (D:4)
  2 centaur skeletons (D:7)
  2 hounds (D:6)
  5 orc priests
  3 iguanas
  Ijyb (D:5)
  A scorpion zombie (D:2)
  8 orc wizards
  A killer bee zombie (D:8)
  6 gnolls
  A howler monkey zombie (D:7)
  4 adders
  2 shadow imps
  2 white imps (D:5)
  2 ufetubi (D:7)
  An adder skeleton (D:4)
  3 worms
  2 dart slugs
  32 orcs
  7 ball pythons
  3 bats
  7 endoplasms
  11 hobgoblins
  6 jackals
  9 kobolds
  3 quokkas
  4 frilled lizards
  5 goblins
  A jackal skeleton (D:4)
  5 rats
180 creatures vanquished.

Vanquished Creatures (collateral kills)
  A kobold (D:1)
1 creature vanquished.

Grand Total: 181 creatures vanquished

Notes
Turn   | Place    | Note
-------+----------+-------------------------------------------
     0 | D:1      | GeorgeSoros the Draconian Air Elementalist began the quest
                  | for the Orb.
     0 | D:1      | Reached XP level 1. HP: 14/14 MP: 3/3
   329 | D:1      | Reached XP level 2. HP: 22/22 MP: 3/5
   445 | D:1      | Reached skill level 1 in Fighting
   884 | D:1      | Reached XP level 3. HP: 26/28 MP: 1/6
  1396 | D:2      | Found a faded altar of an unknown god.
  1453 | D:2      | Reached XP level 4. HP: 10/36 MP: 1/7
  1899 | D:2      | Noticed a necrophage
  1907 | D:2      | Killed a necrophage
  1908 | D:2      | Reached XP level 5. HP: 44/44 MP: 1/8
  3560 | D:4      | Noticed an ogre
  3756 | D:4      | Noticed an ogre
  3765 | D:4      | Killed an ogre
  3766 | D:4      | Reached XP level 6. HP: 52/52 MP: 5/9
  3820 | D:4      | Reached skill level 5 in Air Magic
  4726 | D:4      | Reached skill level 1 in Staves
  4726 | D:4      | Your scales start taking on a dull iron-grey colour.
  4726 | D:4      | Reached XP level 7. HP: 60/60 MP: 1/10
  4726 | D:4      | Gained mutation: You can survive without breathing. [Grey
                  | Draconian growth]
  4726 | D:4      | Gained mutation: You can survive without breathing, even
                  | under water. [Grey Draconian growth]
  5017 | D:5      | Entered Level 5 of the Dungeon
  5053 | D:5      | Reached skill level 2 in Staves
  5334 | D:5      | Found a staircase to the Ecumenical Temple.
  5343 | Temple   | Entered the Ecumenical Temple
  5424 | Temple   | Became a worshipper of Qazlal Stormbringer
  5450 | D:5      | Reached skill level 5 in Fighting
  5459 | D:5      | Reached skill level 3 in Staves
  5729 | D:5      | Learned a level 3 spell: Frozen Ramparts
  5878 | D:5      | Reached skill level 4 in Staves
  5878 | D:5      | Reached skill level 5 in Conjurations
  5878 | D:5      | Reached skill level 1 in Ice Magic
  5878 | D:5      | Reached XP level 8. HP: 63/70 MP: 8/11
  6060 | D:5      | Noticed Ijyb
  6072 | D:5      | Reached skill level 5 in Staves
  6074 | D:5      | Killed Ijyb
  6783 | D:6      | Reached skill level 6 in Staves
  6998 | D:6      | Reached XP level 9. HP: 78/78 MP: 8/12
  7107 | D:6      | Noticed Maggie
  7123 | D:6      | Killed Maggie
  7271 | D:6      | Reached * piety under Qazlal
  7290 | D:6      | Reached skill level 7 in Staves
  7693 | D:6      | Noticed a two-headed ogre
  7714 | D:6      | Killed a two-headed ogre
  7715 | D:6      | Reached skill level 8 in Staves
  8205 | D:7      | Reached skill level 5 in Ice Magic
  8402 | D:7      | Found a white marble altar of Elyvilon.
  8403 | D:7      | Found a shimmering altar of Xom.
  8562 | D:7      | Found a glowing golden altar of the Shining One.
  8562 | D:7      | Found an iron altar of Okawaru.
  8564 | D:7      | Found a sacrificial altar of Ru.
  9140 | D:8      | Found Ruyg Ecw's Book Emporium.
  9224 | D:8      | Reached ** piety under Qazlal
  9338 | D:8      | Found Qixueh's Antique Weapon Shoppe.
  9451 | D:8      | Found Saremuck's Antique Weapon Shop.
  9474 | D:8      | Found Qokoaxt's Magic Scroll Boutique.
  9482 | D:8      | Bought 2 scrolls of identify for 60 gold pieces
  9604 | D:8      | Found a sparkling altar of Nemelex Xobeh.
  9688 | D:8      | Reached XP level 10. HP: 88/88 MP: 5/13
  9887 | D:8      | Found Cownof's General Store.
  9932 | D:8      | Reached skill level 1 in Invocations
 10286 | D:8      | Reached skill level 9 in Staves
 10366 | D:9      | Noticed a two-headed ogre
 10374 | D:9      | Killed a two-headed ogre
 10512 | D:9      | Noticed a death yak
 10518 | D:9      | Noticed a death yak
 10523 | D:9      | Found a staircase to the Lair.
 10525 | D:9      | Noticed a two-headed ogre
 10541 | D:10     | Entered Level 10 of the Dungeon
 10542 | D:10     | Slain by a death yak

Illustrated notes

Levels and vault maps discovered:
D:1:      minmay_arrival_up_and_down, layout_rooms, minivault_26,
          minmay_heptomino_o4
D:2:      layout_loops_ring, chequers_ecumenical_altar_simple_redux,
          hangedman_decor_push, amcnicky_mini_pool_small
D:3:      layout_rooms, serial_forest, infiniplex_forest_straight_4,
          infiniplex_forest_clump_curved, infiniplex_forest_lined_2,
          infiniplex_forest_lined_room_2, infiniplex_forest_zigzag_1,
          infiniplex_forest_straight_3, infiniplex_forest_3_way,
          infiniplex_forest_end_1, infiniplex_forest_zigzag_1,
          infiniplex_forest_corner_2, bh_walls_and_bars
D:4:      layout_basic, kennysheep_diamond, minmay_manual_monstrance
D:5:      layout_gridville, minmay_temple_entry_large_hall, uniq_ijyb
D:6:      layout_basic, uniq_maggie
D:7:      layout_loops_ring, nicolae_overflow_hidden_temple,
          minmay_misc_feat_nine_boxes, hangedman_decor_opposing
D:8:      layout_gridville, nemelex_diamond_rough_becter, serial_shops, shop,
          nicolae_shop_statue_plus, shop, kennysheep_mini, shop
D:9:      minmay_the_grid_square_5x5_4x4 [minmay_the_grid_square_5x5_moneybag,
          minmay_the_grid_square_5x5_lines, minmay_the_grid_square_5x5_meh,
          minmay_the_grid_square_5x5_two_walls_b,
          minmay_the_grid_square_5x5_six_small,
          minmay_the_grid_square_5x5_prize_pseudospiral,
          minmay_the_grid_square_5x5_prize_rear_guard,
          minmay_the_grid_square_5x5_beaten_path,
          minmay_the_grid_square_5x5_detours,
          minmay_the_grid_square_5x5_prize_gold,
          minmay_the_grid_square_5x5_prize_snowflake,
          minmay_the_grid_square_5x5_misaligned,
          minmay_the_grid_square_5x5_inverted_slash,
          minmay_the_grid_square_5x5_trominoes, minmay_the_grid_square_5x5_c,
          minmay_the_grid_square_5x5_pentomino_r], layout_long_grid,
          dpeg_lair_monsters, serial_undead, serial_undead_c, serial_undead_a,
          serial_undead_c, serial_undead_d
D:10:     layout_irregular_city, kennysheep_orc_monster_closet_entryway,
          serial_rivers, chequers_serial_rivers_marsh,
          chequers_serial_rivers_room_b, chequers_serial_rivers_micro_b,
          chequers_serial_rivers_small_b, chequers_serial_rivers_large_a,
          chequers_serial_rivers_small_3, minmay_rotating_lava
Temple:   eino_temple_scatter_basement

Skill      XL: |  1  2  3  4  5  6  7  8  9 10 |
---------------+-------------------------------+-----
Fighting       | 1 2 3 4 5 6 7 |  7.7
Conjurations   | 2 3 4 5 6 7 8 |  8.2
Air Magic      | 4 4 |  4.8
Staves         | 1 4 6 8 9 |  9.9
Ice Magic      | 1 3 5 6 |  6.3
Dodging        | 2 |  2.5
Invocations    | 3 |  3.3
Stealth        | |  1.7
Spellcasting   | |  2.0

Action                   |  1- 3 |  4- 6 |  7- 9 | 10-12 || total
-------------------------+-------+-------+-------+-------++-------
Melee: Unarmed           |     7 |       |       |       ||     7
       Dagger            |    32 |    17 |       |       ||    49
       Tailslap          |     5 |     3 |     9 |     3 ||    20
       Lajatang          |       |     7 |   130 |    17 ||   154
 Cast: Shock             |    66 |   145 |   183 |    37 ||   431
       Frozen Ramparts   |       |       |    10 |     8 ||    18
  Use: Scroll            |     2 |     5 |     9 |     1 ||    17
Armor: Skin              |    11 |     9 |   105 |     4 ||   129
Dodge: Dodged            |    24 |    29 |   116 |    19 ||   188
Block: Other             |       |       |     7 |     1 ||     8

Table legend: (Time is in decaauts)
 A = Elapsed time spent in this place.
 B = Non-inter-level travel time spent in this place.
 C = Inter-level travel time spent in this place.
 D = Time resting spent in this place.
 E = Time spent auto-exploring this place.
 F = Levels seen in this place.
 G = Mean time per level.
                   A        B        C        D        E       F      G
               +--------+--------+--------+--------+--------+-----+--------+
         Total |  10564 |  10206 |    358 |    205 |   8552 |  11 |  960.4 |
       Dungeon |  10472 |  10123 |    349 |    205 |   8480 |  10 | 1047.2 |
        Temple |     91 |     82 |      9 |      0 |     72 |   1 |   91.0 |
               +--------+--------+--------+--------+--------+-----+--------+

Top non-repeatable levels by time:
     D:6: 1674 daAuts
     D:4: 1512 daAuts
     D:2: 1461 daAuts
     D:5: 1363 daAuts
     D:8: 1181 daAuts
     D:3: 1117 daAuts
     D:7: 992 daAuts
     D:1: 931 daAuts
     D:9: 238 daAuts
  Temple: 91 daAuts
    D:10: 0 daAuts
